PAA
SPRINGFIELD SHOOTERS @ LAKE MINNETONKA LOVE BOATS
06/23/2032
 
TOP OF THE 1ST
Springfield Shooters batting - Pitching for Lake Minnetonka Love Boats : LHP Alejandro García
Pitching: LHP Alejandro García
Batting: RHB Eun-bum Kim 0-0: Ball
1-0: Called Strike
1-1: Fly out, F8 (Flyball, 8RS)
Batting: RHB Sébastien Bernard 0-0: Called Strike
0-1: Ball
1-1: SINGLE (Groundball, 56D)
Batting: LHB Gabriel Díaz 0-0: Called Strike
0-1: Ball
1-1: Ball
2-1: Foul Ball, location: 2F
2-2: Foul Ball, location: 2F
2-2: Foul Ball, location: 2F
2-2: Strikes out swinging
Batting: RHB Wei-qiang Mo 0-0: Ball
1-0: Called Strike
Balk!
Sébastien Bernard to second
1-1: Ball
2-1: SINGLE (Line Drive, 7S)
Sébastien Bernard to third
Runner from 3rd tries for Home, SAFE, no throw
Batting: RHB Fletcher Megarity 0-0: Called Strike
0-1: Ball
1-1: Swinging Strike
1-2: Ball
2-2: Ball
3-2: Base on Balls
Wei-qiang Mo to second
Batting: RHB Lee Allen 0-0: Called Strike
0-1: Ball
1-1: Fly out, F3 (Line Drive, 34S)
Top of the 1st over - 1 run, 2 hits, 0 errors, 2 left on base; Springfield 1 - Lake Minnetonka 0
BOTTOM OF THE 1ST
Lake Minnetonka Love Boats batting - Pitching for Springfield Shooters : LHP Marcos Tejedor
Pitching: LHP Marcos Tejedor
Batting: RHB Francisco Guerra 0-0: Fly out, F4 (Popup, 4)
Batting: RHB Jeff Hunter 0-0: Ball
1-0: Ball
2-0: Ball
3-0: Called Strike
3-1: Base on Balls
Batting: RHB Mario van Heijbeeck 0-0: Fly out, F8 (Flyball, 78D)
Batting: RHB Guillermo Carrizales 0-0: Ball
1-0: Called Strike
1-1: Called Strike
1-2: Fly out, F8 (Flyball, 8LD)
Bottom of the 1st over - 0 runs, 0 hits, 0 errors, 1 left on base; Springfield 1 - Lake Minnetonka 0
TOP OF THE 2ND
Springfield Shooters batting - Pitching for Lake Minnetonka Love Boats : LHP Alejandro García
Batting: RHB Miguel Elías 0-0: Called Strike
0-1: Foul Ball, location: 2F
0-2: Ball
1-2: DOUBLE (Line Drive, 9LM)
Batting: RHB Pacu Martic 0-0: Ball
1-0: Called Strike
1-1: Foul Ball, location: 2F
1-2: Foul Ball, location: 2F
1-2: Ball
2-2: Fly out, F2 (Popup, 3SF)
Batting: RHB Young-hoon Im 0-0: Swinging Strike
0-1: Ball
1-1: Foul Ball, location: 2F
1-2: Foul Ball, location: 2F
1-2: SINGLE (Groundball, 6MD)
Miguel Elías to third
Runner from 3rd tries for Home, SAFE, throw made home
Batting: RHB Eun-bum Kim 0-0: Called Strike
0-1: Ball
1-1: Fly out, F9 (Line Drive, 9D)
Batting: RHB Sébastien Bernard 0-0: Ball
1-0: SINGLE (Groundball, 6MD)
Young-hoon Im to second
Batting: LHB Gabriel Díaz 0-0: Ball
1-0: Ground out 6-3 (Groundball, 6M)
Top of the 2nd over - 1 run, 3 hits, 0 errors, 2 left on base; Springfield 2 - Lake Minnetonka 0
BOTTOM OF THE 2ND
Lake Minnetonka Love Boats batting - Pitching for Springfield Shooters : LHP Marcos Tejedor
Batting: LHB Jin-song Seah 0-0: Ball
1-0: Ball
2-0: Called Strike
2-1: Ball
3-1: Foul Ball, location: 2F
3-2: Base on Balls
Batting: RHB Shihei Kichikawa 0-0: Ball
Jin-song Seah steals 2nd base
1-0: Called Strike
1-1: SINGLE (Line Drive, 6D)
Jin-song Seah to third
Runner from 3rd tries for Home, SAFE, no throw
Batting: SHB Tommy Dreamer 0-0: Ball
1-0: Called Strike
1-1: Fly out, F5 (Line Drive, 56S)
Batting: RHB Mike Bean 0-0: Ball
Shihei Kichikawa is caught stealing 2nd base
1-0: Foul Ball, location: 2F
1-1: Swinging Strike
1-2: Ground out 5-3 (Groundball, 56S)
Bottom of the 2nd over - 1 run, 1 hit, 0 errors, 0 left on base; Springfield 2 - Lake Minnetonka 1
TOP OF THE 3RD
Springfield Shooters batting - Pitching for Lake Minnetonka Love Boats : LHP Alejandro García
Batting: RHB Wei-qiang Mo 0-0: Ball
1-0: SOLO HOME RUN (Flyball, 9LD), Distance : 354 ft
Batting: RHB Fletcher Megarity 0-0: Ground out 6-3 (Groundball, 6)
Batting: RHB Lee Allen 0-0: Called Strike
0-1: Ball
1-1: Ball
2-1: Ball
3-1: SINGLE (Groundball, 34D)
Batting: RHB Miguel Elías 0-0: Called Strike
0-1: Swinging Strike
0-2: Ball
1-2: Fly out, F7 (Flyball, 7D)
Runner from 1st tags up, SAFE at 2nd
Batting: RHB Pacu Martic 0-0: Called Strike
0-1: Fly out, F8 (Flyball, 8LS)
Top of the 3rd over - 1 run, 2 hits, 0 errors, 1 left on base; Springfield 3 - Lake Minnetonka 1
BOTTOM OF THE 3RD
Lake Minnetonka Love Boats batting - Pitching for Springfield Shooters : LHP Marcos Tejedor
Batting: RHB Michael Sweeney 0-0: Ball
1-0: Ball
2-0: SINGLE (Groundball, 23) (infield hit)
Batting: RHB Francisco Guerra 0-0: Ball
1-0: Called Strike
1-1: SINGLE (Line Drive, 34D)
Michael Sweeney to second
Batting: RHB Jeff Hunter 0-0: Ball
1-0: Foul Ball, location: 2F
1-1: Foul Ball, location: 2F
1-2: Foul Ball, location: 2F
1-2: SINGLE (Flyball, 78S)
Michael Sweeney to third
Francisco Guerra to second
Batting: RHB Mario van Heijbeeck 0-0: Called Strike
0-1: Ball
1-1: Fly out, F8 (Flyball, 8RD)
Runner from 3rd tags up, SCORES, no throw
Batting: RHB Guillermo Carrizales 0-0: Called Strike
Francisco Guerra steals 3rd base
Jeff Hunter to second
0-1: Ball
1-1: Fly out, F7 (Flyball, 7)
Runner from 3rd tags up, SCORES, no throw
Batting: LHB Jin-song Seah 0-0: Called Strike
0-1: Ball
1-1: Ground out U3 (Groundball, 34)
Bottom of the 3rd over - 2 runs, 3 hits, 0 errors, 1 left on base; Springfield 3 - Lake Minnetonka 3
TOP OF THE 4TH
Springfield Shooters batting - Pitching for Lake Minnetonka Love Boats : LHP Alejandro García
Batting: RHB Young-hoon Im 0-0: Ball
1-0: Swinging Strike
1-1: SOLO HOME RUN (Flyball, 7LD), Distance : 333 ft
Batting: RHB Eun-bum Kim 0-0: Called Strike
0-1: Ball
1-1: Ball
2-1: Ball
3-1: Base on Balls
Batting: RHB Sébastien Bernard 0-0: Foul Ball, location: 2F
0-1: Ground out 6-3 (Groundball, 6MS)
Eun-bum Kim to second
Batting: LHB Gabriel Díaz 0-0: Ball
1-0: Swinging Strike
1-1: Swinging Strike
1-2: Ground out 4-3 (Groundball, 4)
Eun-bum Kim to third
Batting: RHB Wei-qiang Mo 0-0: Called Strike
0-1: Ball
1-1: Swinging Strike
1-2: Ball
2-2: Ground out 6-3 (Groundball, 6S)
Top of the 4th over - 1 run, 1 hit, 0 errors, 1 left on base; Springfield 4 - Lake Minnetonka 3
BOTTOM OF THE 4TH
Lake Minnetonka Love Boats batting - Pitching for Springfield Shooters : LHP Marcos Tejedor
Batting: RHB Shihei Kichikawa 0-0: Foul Ball, location: 2F
0-1: Called Strike
0-2: Ball
1-2: Foul Ball, location: 2F
1-2: Strikes out looking
Batting: SHB Tommy Dreamer 0-0: Ground out 4-3 (Groundball, 4)
Batting: RHB Mike Bean 0-0: Ball
1-0: Called Strike
1-1: DOUBLE (Line Drive, 7LD)
Batting: RHB Michael Sweeney 0-0: Ball
1-0: Ball
2-0: DOUBLE (Line Drive, 9LM)
Mike Bean scores
Batting: RHB Francisco Guerra 0-0: Called Strike
0-1: Foul Ball, location: 2F
0-2: Ball
1-2: Ground out 4-3 (Groundball, 4)
Bottom of the 4th over - 1 run, 2 hits, 0 errors, 1 left on base; Springfield 4 - Lake Minnetonka 4
TOP OF THE 5TH
Springfield Shooters batting - Pitching for Lake Minnetonka Love Boats : LHP Alejandro García
Batting: RHB Fletcher Megarity 0-0: Ground out 6-3 (Groundball, 56)
Batting: RHB Lee Allen 0-0: Ball
1-0: Ball
2-0: Foul Ball, location: 2F
2-1: Called Strike
2-2: Foul Ball, location: 2F
2-2: Strikes out swinging
Batting: RHB Miguel Elías 0-0: Fly out, F9 (Line Drive, 89M)
Top of the 5th over - 0 runs, 0 hits, 0 errors, 0 left on base; Springfield 4 - Lake Minnetonka 4
BOTTOM OF THE 5TH
Lake Minnetonka Love Boats batting - Pitching for Springfield Shooters : LHP Marcos Tejedor
Batting: RHB Jeff Hunter 0-0: Called Strike
0-1: Swinging Strike
0-2: Strikes out looking
Batting: RHB Mario van Heijbeeck 0-0: TRIPLE (Flyball, 89XD)
Batting: RHB Guillermo Carrizales 0-0: Ball
1-0: Ball
2-0: SINGLE (Popup, 6D)
Mario van Heijbeeck scores
Batting: LHB Jin-song Seah 0-0: Ball
1-0: Foul Ball, location: 2F
1-1: Ball
2-1: Foul Ball, location: 2F
2-2: Ball
3-2: Grounds into double play, 5-4-3 (Groundball, 56)
Bottom of the 5th over - 1 run, 2 hits, 0 errors, 0 left on base; Springfield 4 - Lake Minnetonka 5
TOP OF THE 6TH
Springfield Shooters batting - Pitching for Lake Minnetonka Love Boats : LHP Alejandro García
Batting: RHB Pacu Martic 0-0: Fly out, F8 (Flyball, 8RM)
Batting: RHB Young-hoon Im 0-0: Called Strike
0-1: Foul Ball, location: 2F
0-2: Ball
1-2: Ground out 5-3 (Groundball, 56)
Batting: RHB Eun-bum Kim 0-0: Called Strike
0-1: Ball
1-1: Ball
2-1: Foul Ball, location: 2F
2-2: Ball
3-2: Foul Ball, location: 2F
3-2: SINGLE (Line Drive, 8LS)
Pitching: LHP Inaki Maira
Batting: RHB Sébastien Bernard 0-0: Ball
1-0: SINGLE (Groundball, 34D)
Eun-bum Kim to second
Runner from 2nd tries for 3rd, SAFE, no throw
Batting: LHB Gabriel Díaz 0-0: Ball
1-0: Ball
2-0: Called Strike
2-1: Fielders Choice at 2nd, 6-4 (Groundball, 6)
Top of the 6th over - 0 runs, 2 hits, 0 errors, 2 left on base; Springfield 4 - Lake Minnetonka 5
BOTTOM OF THE 6TH
Lake Minnetonka Love Boats batting - Pitching for Springfield Shooters : LHP Marcos Tejedor
Batting: RHB Shihei Kichikawa 0-0: Ball
1-0: Ball
2-0: Ball
3-0: Called Strike
3-1: Base on Balls
Batting: SHB Tommy Dreamer 0-0: Sac Bunt - play at first, batter safe!
Shihei Kichikawa to second
Pitching: LHP Gabriel Valenzuela
Batting: RHB Mike Bean 0-0: Bunted foul
0-1: Sac Bunt - play at first, batter OUT! 1-4
Shihei Kichikawa to third
Tommy Dreamer to second
Batting: RHB Michael Sweeney 0-0: Called Strike
0-1: Swinging Strike
0-2: Ball
1-2: Ball
2-2: Ball
3-2: Foul Ball, location: 2F
3-2: Strikes out swinging
Batting: RHB Francisco Guerra 0-0: Swinging Strike
0-1: Called Strike
0-2: Ball
1-2: Ball
2-2: Ball
3-2: Base on Balls
Batting: RHB Jeff Hunter 0-0: Foul Ball, location: 2F
0-1: Foul Ball, location: 2F
0-2: Ball
1-2: Foul Ball, location: 2F
1-2: Foul Ball, location: 2F
1-2: Strikes out swinging
Bottom of the 6th over - 0 runs, 1 hit, 0 errors, 3 left on base; Springfield 4 - Lake Minnetonka 5
TOP OF THE 7TH
Springfield Shooters batting - Pitching for Lake Minnetonka Love Boats : LHP Inaki Maira
Batting: RHB Wei-qiang Mo 0-0: Ball
1-0: SINGLE (Line Drive, 34)
Batting: RHB Fletcher Megarity 0-0: Ball
1-0: Ball
2-0: Foul Ball, location: 2F
2-1: Swinging Strike
2-2: Strikes out looking
Batting: RHB Lee Allen 0-0: Ball
1-0: Ground out U3 (Groundball, 2R)
Wei-qiang Mo to second
Batting: RHB Miguel Elías 0-0: Ground out 6-3 (Groundball, 6)
Top of the 7th over - 0 runs, 1 hit, 0 errors, 1 left on base; Springfield 4 - Lake Minnetonka 5
BOTTOM OF THE 7TH
Lake Minnetonka Love Boats batting - Pitching for Springfield Shooters : LHP Gabriel Valenzuela
Batting: RHB Mario van Heijbeeck 0-0: Called Strike
0-1: Ball
1-1: Ball
2-1: Ball
3-1: Base on Balls
Batting: RHB Guillermo Carrizales 0-0: Ball
Mario van Heijbeeck is caught stealing 2nd base
1-0: Ball
2-0: Called Strike
2-1: Foul Ball, location: 2F
2-2: Foul Ball, location: 2F
2-2: SOLO HOME RUN (Flyball, 7LD), Distance : 342 ft
Batting: LHB Jin-song Seah 0-0: Ball
1-0: Foul Ball, location: 2F
1-1: Swinging Strike
1-2: Strikes out swinging
Batting: RHB Shihei Kichikawa 0-0: Ball
1-0: Foul Ball, location: 2F
1-1: Called Strike
1-2: DOUBLE (Line Drive, 8LXD)
Batting: SHB Tommy Dreamer 0-0: Ball
1-0: Swinging Strike
1-1: Swinging Strike
1-2: Foul Ball, location: 2F
1-2: Ball
2-2: Ball
3-2: Strikes out looking
Bottom of the 7th over - 1 run, 2 hits, 0 errors, 1 left on base; Springfield 4 - Lake Minnetonka 6
TOP OF THE 8TH
Springfield Shooters batting - Pitching for Lake Minnetonka Love Boats : LHP Inaki Maira
Batting: RHB Pacu Martic 0-0: Foul Ball, location: 2F
0-1: Foul Ball, location: 2F
0-2: Fly out, F8 (Flyball, 8RM)
Batting: RHB Young-hoon Im 0-0: Called Strike
0-1: Called Strike
0-2: Ball
1-2: Foul Ball, location: 2F
1-2: Ball
2-2: Strikes out swinging
Batting: RHB Eun-bum Kim 0-0: Swinging Strike
0-1: Swinging Strike
0-2: Ball
1-2: Strikes out swinging
Top of the 8th over - 0 runs, 0 hits, 0 errors, 0 left on base; Springfield 4 - Lake Minnetonka 6
BOTTOM OF THE 8TH
Lake Minnetonka Love Boats batting - Pitching for Springfield Shooters : LHP Gabriel Valenzuela
Batting: RHB Mike Bean 0-0: Called Strike
0-1: Ground out 1-3 (Groundball, 15)
Batting: RHB Michael Sweeney 0-0: SINGLE (Line Drive, 9S)
Batting: RHB Francisco Guerra 0-0: Called Strike
0-1: Foul Ball, location: 2F
0-2: Strikes out swinging
Batting: RHB Jeff Hunter 0-0: Ball
1-0: Ball
2-0: Called Strike
2-1: TRIPLE (Groundball, 3L)
Michael Sweeney scores
Batting: RHB Mario van Heijbeeck 0-0: Ball
1-0: Ball
2-0: Foul Ball, location: 2F
2-1: Fly out, F9 (Flyball, 9S)
Bottom of the 8th over - 1 run, 2 hits, 0 errors, 1 left on base; Springfield 4 - Lake Minnetonka 7
TOP OF THE 9TH
Springfield Shooters batting - Pitching for Lake Minnetonka Love Boats : LHP Inaki Maira
Pitching: RHP Juan Sánchez
Batting: RHB Sébastien Bernard 0-0: Foul Ball, location: 2F
0-1: Ball
1-1: Swinging Strike
1-2: Foul Ball, location: 2F
1-2: Strikes out swinging
Batting: LHB Gabriel Díaz 0-0: Ball
1-0: Called Strike
1-1: Ball
2-1: Foul Ball, location: 2F
2-2: Ball
3-2: Ground out 4-3 (Groundball, 4)
Batting: RHB Wei-qiang Mo 0-0: Ball
1-0: Called Strike
1-1: SINGLE (Groundball, 34D)
Batting: RHB Fletcher Megarity 0-0: Ball
1-0: Ball
2-0: Called Strike
2-1: Foul Ball, location: 2F
2-2: Ball
3-2: Base on Balls
Wei-qiang Mo to second
Batting: RHB Lee Allen 0-0: Called Strike
0-1: Called Strike
0-2: Ball
1-2: Foul Ball, location: 2F
1-2: Ball
2-2: Ball
3-2: Base on Balls
Wei-qiang Mo to third
Fletcher Megarity to second
Batting: RHB Miguel Elías 0-0: Ball
1-0: Swinging Strike
1-1: Swinging Strike
1-2: Ball
2-2: Ball
3-2: Foul Ball, location: 2F
3-2: Ground out 4-3 (Groundball, 4D)
Top of the 9th over - 0 runs, 1 hit, 0 errors, 3 left on base; Springfield 4 - Lake Minnetonka 7
Wednesday, September 19th, 2018 - OOTP Baseball 18.8 Build 76